Map: Lost and Found LE

Players

MaNa - Winner!

  • Race: Protoss Protoss
  • Spawn Location: 1:00

Bly

  • Race: Zerg Zerg
  • Spawn Location: 7:00

Event: WCS Valencia 2018

VOD

Have the link to the VOD?

Description

Time

  • Played on: July 12, 2018, 2:23 p.m.
  • Length: 12:14

All games in this series

Show
View Real Time Build Order
Export as new Build Order

MaNa Protoss - Winner!

Build Orders: 1 Gate Expand, Oracle Opening, Phoenix Opening, Chargelot Immortal 

Get SALT Encoding   

  12  0:00  Probe  
  13  0:12  Probe  
  14  0:17  Pylon  
  14  0:23  Probe  
  15  0:31  Probe  
  15  0:37  Assimilator  
  15  0:39  Probe  
  16  0:47  Gateway  
  17  0:50  Probe  
  18  0:58  Probe  
  19  1:06  Probe  
  20  1:24  Nexus  
  20  1:35  Cybernetics Core  
  20  1:38  Probe  
  21  1:44  Assimilator  
  21  1:50  Probe  
  21  1:53  Pylon  
  22  2:02  Probe  
  22  2:03  Adept  
  23  2:14  Probe  
  26  2:18  Warp Gate  
  26  2:23  Stargate  
  26  2:26  Probe  
  26  2:29  Adept  
  27  2:34  Probe  
  29  2:38  Probe  
  31  2:44  Probe  
  31  2:50  Probe  
  33  2:55  Probe  
  33  2:57  Adept  
  36  3:02  Probe  
  37  3:07  Probe, Phoenix  
  40  3:14  Probe  
  40  3:17  Pylon  
  40  3:19  Probe  
  42  3:30  Probe  
  42  3:31  Probe  
  42  3:34  Twilight Council  
  42  3:37  Oracle  
  42  3:38  Gateway  
  42  3:41  Gateway  
  42  3:42  Probe  
  42  3:43  Probe  
  47  3:50  Resonating Glaives  
  47  3:51  Assimilator  
  47  3:54  Assimilator  
  47  3:55  Probe  
  48  3:56  Probe  
  48  4:01  Pylon  
  49  4:07  Probe  
  49  4:08  Probe  
  51  4:19  Probe  
  51  4:20  Probe  
  51  4:21  Adept  
  55  4:25  Pylon  
  55  4:31  Probe  
  56  4:32  Probe  
  57  4:41  Nexus  
  57  4:43  Adept  
  57  4:44  Adept  
  57  4:45  Adept  
  63  4:54  Shield Battery  
  63  5:02  Probe  
  63  5:05  Adept x2, Pylon  
  63  5:06  Adept  
  70  5:22  Robotics Facility  
  70  5:23  Probe x2  
  70  5:25  Robotics Facility  
  70  5:28  Adept x3  
  78  5:36  Probe x2  
  76  5:48  Probe x2  
  78  5:58  Adept  
  78  5:59  Adept  
  78  6:00  Adept, Probe  
  78  6:02  Probe  
  78  6:03  Probe  
  81  6:13  Immortal, Probe  
  81  6:14  Immortal, Probe  
  81  6:15  Probe  
  92  6:26  Probe  
  92  6:32  Pylon  
  93  6:33  Pylon  
  93  6:35  Pylon  
  93  6:38  Gateway  
  93  6:40  Gateway  
  93  6:47  Immortal  
  93  6:50  Probe x3  
  93  6:51  Sentry x3, Observer  
  100  6:55  Forge  
  100  6:57  Gateway  
  100  6:58  Gateway  
  105  7:02  Probe x3  
  105  7:03  Assimilator  
  108  7:14  Probe x3  
  108  7:15  Immortal  
  100  7:16  Immortal  
  100  7:21  Sentry, Adept x2  
  112  7:33  Probe  
  112  7:34  Assimilator  
  112  7:37  Charge  
  109  7:38  Templar Archives  
  109  7:50  Adept  
  108  7:52  Zealot x4  
  108  7:57  Pylon  
  116  7:59  Pylon  
  116  8:00  Pylon  
  116  8:06  Immortal, Warp Prism  
  116  8:12  Pylon  
  116  8:16  Gateway  
  116  8:17  Gateway  
  122  8:23  High Templar x5  
  122  8:24  Zealot x2  
  136  8:29  Observer  
  136  8:33  Protoss Ground Weapons Level 1, Archon  
  126  8:51  High Templar  
  126  8:52  Psionic Storm, High Templar  
  126  8:56  Zealot x2  
  126  9:02  Probe x2  
  132  9:03  Probe  
  132  9:05  Photon Cannon  
  132  9:09  Nexus  
  133  9:10  Pylon  
  133  9:14  Probe  
  134  9:18  Immortal x2  
  134  9:23  Probe x2  
  144  9:28  Observer  
  144  9:29  Zealot x2  
  146  9:33  Zealot x6  
  146  9:36  Pylon  
  153  9:42  Zealot  
  149  9:55  High Templar x4  
  149  10:05  Zealot x2  
  149  10:06  Zealot x2  
  139  10:11  Immortal  
  131  10:19  Probe x2  
  133  10:26  High Templar x4  
  141  10:31  Archon x2  
  141  10:33  Photon Cannon  
  141  10:34  Shield Battery  
  141  10:39  Immortal  
  145  10:43  Probe x2  
  145  10:44  Probe x2  
  138  10:50  Warp Prism  
  138  10:55  Probe x2  
  138  10:56  Probe  
  141  10:58  Probe  
  141  11:01  Pylon  
  138  11:05  Zealot x6  
  138  11:06  Zealot x3  
  138  11:07  Probe  
  138  11:08  Probe  
  158  11:13  Pylon  
  158  11:15  Assimilator  
  158  11:19  Observer  
  159  11:26  Zealot x2, High Templar x4  
  159  11:27  Zealot x2  
  159  11:29  Phoenix  
  159  11:30  Archon x2  
  165  11:45  Photon Cannon  
  154  11:48  Photon Cannon x2  
  154  11:51  Photon Cannon  
  141  11:54  Stalker  
  129  12:03  High Templar x2  
  129  12:04  High Templar x2  
  121  12:10  Archon  
  121  12:11  Archon  
Show
View Real Time Build Order
Export as new Build Order

Bly Zerg 

Build Orders: Hatch First 

Get SALT Encoding   

  12  0:01  Drone  
  13  0:12  Overlord  
  13  0:17  Drone  
  14  0:32  Drone x2  
  16  0:49  Hatchery  
  15  0:52  Drone  
  16  1:01  Drone x2  
  18  1:07  Extractor  
  17  1:20  Spawning Pool  
  17  1:21  Drone  
  17  1:28  Drone x2  
  19  1:46  Drone  
  20  1:53  Drone  
  21  1:59  Drone  
  22  2:03  Drone  
  22  2:06  Queen  
  22  2:07  Queen  
  27  2:23  Hatchery, Drone  
  27  2:25  Drone  
  27  2:29  Overlord  
  28  2:34  Metabolic Boost  
  28  2:41  Overlord  
  28  2:49  Queen  
  30  2:52  Zergling x4  
  30  2:56  Drone x2  
  30  2:57  Drone  
  35  3:00  Drone  
  36  3:13  Drone  
  36  3:14  Drone x2  
  36  3:17  Drone x2  
  41  3:21  Overlord  
  41  3:24  Spore Crawler  
  39  3:27  Spore Crawler  
  39  3:31  Drone x3  
  43  3:35  Queen  
  43  3:36  Overlord  
  45  3:47  Drone x3  
  48  3:48  Lair  
  48  3:52  Drone x2  
  48  3:53  Spore Crawler  
  49  3:56  Drone  
  49  4:00  Overlord  
  49  4:02  Overlord  
  50  4:05  Drone  
  50  4:06  Drone x3  
  54  4:10  Drone  
  54  4:11  Spore Crawler  
  54  4:14  Overlord  
  54  4:17  Drone x2  
  54  4:18  Drone  
  54  4:21  Extractor x2  
  54  4:22  Drone  
  56  4:29  Drone x3  
  58  4:40  Zergling x10  
  58  4:44  Extractor, Zergling x10  
  66  4:48  Hydralisk Den  
  65  4:59  Drone  
  70  5:00  Drone x4  
  70  5:02  Overlord  
  70  5:04  Overlord  
  70  5:08  Zergling x2  
  70  5:13  Zergling x6  
  70  5:14  Zergling x8  
  77  5:22  Overlord  
  77  5:28  Overlord  
  76  5:29  Muscular Augments  
  76  5:32  Evolution Chamber  
  76  5:35  Hydralisk x6  
  73  5:42  Hydralisk  
  73  5:44  Zergling x2  
  73  5:55  Drone  
  73  5:56  Baneling Nest, Drone x8  
  79  6:07  Drone x3  
  78  6:15  Hydralisk  
  77  6:20  Hydralisk  
  77  6:21  Hydralisk  
  78  6:33  Hydralisk  
  78  6:34  Zergling x4  
  78  6:37  Extractor  
  81  6:40  Zergling x6  
  81  6:42  Zerg Melee Weapons Level 1  
  82  6:47  Drone  
  82  6:48  Hatchery  
  82  6:51  Grooved Spines, Overlord  
  82  6:53  Drone  
  80  6:58  Drone  
  81  7:02  Baneling  
  81  7:14  Drone x9  
  89  7:17  Centrifical Hooks  
  88  7:34  Drone x10  
  96  7:39  Drone x3  
  99  7:44  Overlord  
  99  7:47  Drone x2  
  99  7:51  Drone  
  102  7:53  Overseer  
  102  7:58  Extractor  
  102  8:02  Baneling x4  
  102  8:04  Drone x7  
  106  8:09  Spire  
  105  8:18  Hydralisk, Hatchery  
  105  8:19  Hydralisk x8  
  122  8:24  Overlord  
  122  8:27  Overlord  
  122  8:33  Zergling x10  
  122  8:34  Zergling x4  
  121  8:40  Zergling x12  
  124  8:48  Hydralisk  
  124  8:49  Hydralisk x3  
  132  9:01  Baneling x11  
  132  9:08  Extractor  
  131  9:12  Extractor  
  130  9:19  Zerg Melee Weapons Level 2  
  129  9:31  Hydralisk  
  129  9:32  Hydralisk x10  
  129  9:33  Zergling x14  
  129  9:36  Overlord x2  
  156  9:44  Overlord  
  150  9:55  Zergling x30  
  143  10:07  Drone x4  
  145  10:24  Hatchery  
  144  10:29  Mutalisk x7  
  144  10:31  Mutalisk  
  144  10:33  Hatchery  
  158  10:46  Mutalisk x3  
  150  10:55  Hydralisk x2  
  150  10:56  Zergling x8  
  126  11:03  Extractor  
  115  11:05  Hydralisk x3  
  121  11:11  Zergling x2  
  121  11:12  Zergling x2  
  121  11:17  Baneling  
  121  11:18  Baneling x6  
  123  11:23  Zergling x16  
  123  11:25  Baneling x2  
  131  11:28  Hydralisk x2  
  131  11:29  Zergling x4  
  131  11:31  Zergling x2  
  138  11:42  Baneling x2  
  138  11:43  Baneling x8  
Tags
 
Add a new tag
Caveats
  • Supply blocks, unpowered buildings, or Contaminate may cause inaccurate times.
  • Supply counts are checked every 10 seconds.